 Dungeon Crawl Stone Soup version 0.26-a0-291-g3d11bbfad5 (webtiles) character file.

Game seed: 9852726014165430636

28 BritishOli the Skirmisher (level 3, 28/29 HPs)
             Began as a Demonspawn Fighter on July 14, 2020.
             Quit the game on level 1 of the Dungeon.
             The game lasted 00:00:32 (634 turns).

BritishOli the Skirmisher (Demonspawn Fighter)       Turns: 634, Time: 00:00:33

Health: 28/29      AC:  6    Str: 17    XL:     3   Next: 0%
Magic:  3/3        EV:  7    Int:  9    God:
Gold:   32         SH:  9    Dex: 12    Spells: 2/2 levels left

rFire    . . .     SeeInvis .   a - +0 long sword
rCold    . . .     Faith    .   c - +0 kite shield
rNeg     . . .     Spirit   +   b - +0 scale mail
rPois    .         Reflect  .   (no helmet)
rElec    .         Harm     .   (no cloak)
rCorr    .                      (no gloves)
MR       .....                  (no boots)
Stlth    ..........             (no amulet)
HPRegen  0.09/turn              (no ring)
MPRegen  0.08/turn              (no ring)

@: no status effects
A: powered by pain 1, magic shield
a: no special abilities


You were on level 1 of the Dungeon.
You visited 1 branch of the dungeon, and saw 1 of its levels.

You collected 32 gold pieces.

Inventory:

Hand Weapons
 a - a +0 long sword (weapon)
Armour
 b - a +0 scale mail (worn)
 c - a +0 kite shield (worn)
Jewellery
 e - an uncursed ring of resist corrosion {unknown}
Scrolls
 f - a scroll of teleportation {unknown}
 j - a scroll of enchant weapon {unknown}
Potions
 d - a potion of might
 g - 2 potions of curing {unknown}
 h - a potion of lignification {unknown}
 i - a potion of flight {unknown}


   Skills:
 + Level 3.3 Fighting
 + Level 2.2 Long Blades
 + Level 3.0 Armour
 + Level 3.0 Shields


You had 2 spell levels left.
You didn't know any spells.
Your spell library was empty.

Dungeon Overview and Level Annotations

Branches:
Dungeon (1/15)

Altars:


Innate Abilities, Weirdness & Mutations

You sometimes gain a little power by taking damage.
When hurt, damage is shared between your health and your magic reserves.


Message History

You kill the bat!
You block the bat's attack. The bat hits you. You block the bat's attack.
Found 7 gold pieces.
You block the bat's attack.
Found 11 gold pieces.
A hobgoblin comes into view. It is wielding a +0 club.
The hobgoblin shouts!
The bat barely misses you. The bat hits you but does no damage.
The bat hits you but does no damage.
Found a glowing brass ring.
You block the bat's attack. x2
You hit the bat.
You kill the bat!
You have reached level 3!
Your experience leads to an increase in your attributes!
Increase (S)trength, (I)ntelligence, or (D)exterity?
You feel stronger.
Your demonic ancestry asserts itself...
You feel energised by your suffering.
Are you sure you want to abandon this character and quit the game? (Confirm with "yes".)

#..... ###########..
#......#............
#......#.#..........
#........#..........
#..................
#..###.............
######..................
........................
.....g.@.##..........#..
.........##.............
..........#$..?$........
.....$....#...........#.
..........#......#####
......$..##........
.........########...
.....=...# ?..# ..#


You could see a hobgoblin.

Vanquished Creatures
  2 leopard geckos (D:1)
  4 bats (D:1)
  5 goblins (D:1)
  3 hobgoblins (D:1)
  4 kobolds (D:1)
  A frilled lizard (D:1)
  4 rats (D:1)
23 creatures vanquished.

Notes
Turn   | Place    | Note
-------+----------+-------------------------------------------
     0 | D:1      | BritishOli the Demonspawn Fighter began the quest for the
                  | Orb.
     0 | D:1      | Reached XP level 1. HP: 18/18 MP: 1/1
    68 | D:1      | Gained mutation: When hurt, damage is shared between your
                  | health and your magic reserves. [demonic ancestry]
    68 | D:1      | Reached XP level 2. HP: 13/24 MP: 2/2
   633 | D:1      | Gained mutation: You sometimes gain a little power by
                  | taking damage. [demonic ancestry]
   633 | D:1      | Reached XP level 3. HP: 28/29 MP: 3/3
   634 | D:1      | Quit the game

Illustrated notes

Levels and vault maps discovered:
D:1:      lightli_arrival_farm, layout_basic

Skill      XL: |  1  2 |
---------------+-------+-----
Long Blades    | 2 |  2.2
Shields        | 3 |  3.0
Armour         | 3 |  3.0
Fighting       | |  3.3

Action                   || total
-------------------------++-------
Melee: Long sword        ||    69
Armor: Scale mail        ||    42
Dodge: Dodged            ||    21
Block: Kite shield       ||    46
       Rpst.: Long sword ||     5

Table legend:
 A = Non-vault XP
 B = Vault XP
 C = Vault XP percentage of total XP
 D = Non-vault monster count
 E = Vault monster count
 F = Vault count percentage of total count
                 A         B        C        D         E       F
            +---------+---------+-------+---------+---------+-------
      Total |      41 |       0 |   0.0 |      23 |       0 |   0.0
            +---------+---------+-------+---------+---------+-------
        D:1 |      41 |       0 |   0.0 |      23 |       0 |   0.0
            +---------+---------+-------+---------+---------+-------
